 Dungeon Crawl Stone Soup version 0.26-a0-661-g406de6ba63 (webtiles) character file.

Game seed: 13657725726518154159

20393 jiml777 the Thaumaturge (level 12, -7/94 HPs)
             Began as a Gnoll Warper on Oct 8, 2020.
             Was an Initiate of Gozag.
             Killed from afar by a frost giant (61 damage)
             ... with a bolt of cold
             ... on level 8 of the Dungeon.
             The game lasted 01:08:12 (12662 turns).

jiml777 the Thaumaturge (Gnoll Warper)             Turns: 12662, Time: 01:08:12

Health: -7/94      AC: 12    Str: 14    XL:     12   Next: 79%
Magic:  24/25      EV: 20    Int: 23    God:    Gozag
Gold:   1287       SH:  6    Dex: 15    Spells: 24/29 levels left

rFire    + . .     SeeInvis .   j - +3 whip (elec)
rCold    . . .     Faith    .   y - +0 buckler
rNeg     . . .     Spirit   .   l - +2 ring mail {rC+}
rPois    .         Reflect  .   z - +2 hat {Int+3}
rElec    .         Harm     .   (no cloak)
rCorr    .         Rampage  .   L - +0 pair of gloves
MR       .....                  (no boots)
Stlth    +++.......             E - amulet of regeneration
HPRegen  0.65/turn              f - ring of fire
MPRegen  0.19/turn              r - +4 ring of evasion

@: no status effects
A: distributed training, fangs 1, strong nose
a: Potion Petition, Call Merchant, Bribe Branch, Renounce Religion


You were on level 8 of the Dungeon.
You worshipped Gozag.
Gozag was most pleased with you.
You visited 2 branches of the dungeon, and saw 11 of its levels.
You also visited: Sewer and Bailey.

You collected 1594 gold pieces.
You spent 230 gold pieces at shops.
You paid 77 gold pieces to Gozag.

Inventory:

Hand Weapons
 a - a +0 spear
 j - a +3 whip of electrocution (weapon)
 G - a +5 flail of protection
 K - a +4 hand axe
Missiles
 b - 2 curare-tipped darts
 e - 7 boomerangs of dispersal
 h - 146 arrows
 m - 58 sling bullets
 p - 49 bolts
 x - 34 poisoned darts (quivered)
Armour
 l - a +2 ring mail of cold resistance (worn)
 y - a +0 buckler (worn)
 z - a +2 hat of intelligence (worn)
 C - a +2 kite shield
 F - a +1 ring mail of poison resistance
 L - a +0 pair of gloves (worn)
Magical Staves
 H - an uncursed staff of cold
Jewellery
 f - a ring of fire (left hand)
 r - a +4 ring of evasion (right hand)
 D - an uncursed ring of see invisible
 E - an amulet of regeneration (around neck)
 O - an uncursed amulet of the acrobat {unknown}
Wands
 s - a wand of digging (5)
 M - a wand of iceblast (9)
Scrolls
 c - 6 scrolls of identify
 d - 9 scrolls of blinking
 g - 3 scrolls of remove curse
 i - a scroll of magic mapping
 n - 2 scrolls of fear
 A - 3 scrolls of amnesia
 B - a scroll of fog
 I - a scroll of enchant weapon
 N - 2 scrolls of enchant armour
Potions
 k - 2 potions of berserk rage
 o - 2 potions of invisibility
 q - 7 potions of heal wounds
 t - 7 potions of brilliance
 u - 2 potions of flight
 v - 4 potions of might
 w - 10 potions of curing
 J - a potion of stabbing


   Skills:
 + Level 8.7 Fighting
 + Level 7.3 Short Blades
 + Level 7.3 Long Blades
 + Level 7.3 Axes
 + Level 7.3 Maces & Flails
 + Level 8.7 Polearms
 + Level 7.3 Staves
 + Level 7.3 Slings
 + Level 7.3 Bows
 + Level 7.3 Crossbows
 + Level 7.8 Throwing
 + Level 7.8 Armour
 + Level 8.7 Dodging
 + Level 7.3 Stealth
 + Level 7.3 Shields
 + Level 7.3 Unarmed Combat
 + Level 9.0 Spellcasting
 + Level 6.1 Conjurations
 + Level 6.1 Hexes
 + Level 6.1 Summonings
 + Level 6.1 Necromancy
 + Level 8.3 Translocations
 + Level 6.1 Transmutations
 + Level 6.1 Fire Magic
 + Level 6.1 Ice Magic
 + Level 6.1 Air Magic
 + Level 6.1 Earth Magic
 + Level 6.1 Poison Magic
 + Level 8.1 Invocations
 + Level 7.3 Evocations


You had 24 spell levels left.
You knew the following spells:

 Your Spells              Type           Power        Failure   Level
a - Blink                 Tloc           N/A          1%          2
b - Teleport Other        Tloc           #####...     1%          3

Your spell library contained the following spells:

 Spells                   Type           Power        Failure   Level
 Freeze                   Ice            ####         1%          1
 Corpse Rot               Necr/Air       N/A          1%          2
 Sublimation of Blood     Necr           #####.....   1%          2
 Gell's Gravitas          Tloc           #####.....   1%          3
 Lesser Beckoning         Tloc           #####.....   1%          3
 Confusing Touch          Hex            #####...     2%          3
 Frozen Ramparts          Ice            #####.       2%          3
 Ozocubu's Armour         Ice            #####...     2%          3
 Passage of Golubria      Tloc           N/A          3%          4
 Dispel Undead            Necr           #####...     10%         4
 Hailstorm                Conj/Ice       #####...     10%         4
 Petrify                  Tmut/Erth      #####...     10%         4
 Summon Ice Beast         Ice/Summ       #####...     10%         4
 Agony                    Necr           #####...     26%         5
 Excruciating Wounds      Necr           #####.....   26%         5
 Metabolic Englaciation   Hex/Ice        #####.....   26%         5
 Yara's Violent Unravell  Hex/Tmut       #####.....   26%         5


Dungeon Overview and Level Annotations

Branches:
Dungeon (10/15)            Temple (1/1) D:5           Sewer (visited)
 Bailey (visited)
   Lair: D:8-11         Orc: D:9-12

Altars:
Ashenzari
Gozag
Hepliaklqana
Makhleb
Okawaru
Qazlal
Trog
Uskayaw
Wu Jian
The Shining One

Shops:
D:4 *   D:6 !


Innate Abilities, Weirdness & Mutations

Your experience applies equally to all skills.
You have very sharp teeth.
Your uncanny sense of smell can sniff out nearby items.


Message History

You open the door.
The frost giant gestures at you while chanting.
The bolt of cold hits you!!!
There is an open translucent door here.
The frost giant gestures at you while chanting.
The bolt of cold hits you!
The catoblepas breathes a plume of calcifying dust at you.
The blast of calcifying dust hits you but does no damage.
Unknown command.
Casting: Blink (safe; 1% risk of failure)
Confirm with . or Enter, or press ? or * to list all spells.
You blink.
The frost giant casts a spell at you. The bolt of cold misses you.
There is an open door here.
The frost giant casts a spell at you. The bolt of cold hits you!!!
Ouch! That really hurt!
You die...
Your body crumbles into a pile of gold.

.........####...##.########..## #
........)# #...##.## #...##
.#..####.# #..##.###########...##
.#.....#.###.##.###......#####..#
.#..##.#....##.####....Z.#..(###.
.#...#.#.##....'..CY⌠..§.'...)(##
.#...#.#.#####C####..§...#..?###.
.###.#.#.# #.##.###......#####..#
......<#.# #..##@###########...##
#####.##.# #...##.## #...##
.........# ##...##.########..## #
######.#.# ##...##........### ##
#...# ####...########### #. ##..#
#....####...≈....# ## #..###....#
#........# #.........# #........#
#######.........####........#


You could see a frost giant.

Vanquished Creatures
  A two-headed ogre (D:8)
  Pikel (D:5)
  2 orc knights (Bailey)
  Eustachio (D:6)
  Edmund (D:5)
  An ice beast (D:5)
  2 phantoms
  2 sky beasts
  12 orc warriors
  5 centaurs
  4 ogres
  2 lemures (D:5)
  A big kobold (Sewer)
  3 bullfrogs
  2 scorpions
  3 killer bees (D:8)
  A howler monkey (D:9)
  5 wights (D:8)
  An electric eel (D:8)
  2 jellies (D:8)
  A quasit (D:5)
  2 centaur skeletons
  A bullfrog skeleton (D:6)
  4 orc priests
  4 hounds
  2 iguanas
  7 orc wizards
  2 worker ants
  A hound zombie (D:9)
  A worker ant zombie (D:7)
  Robin (D:3)
  23 adders
  21 gnolls
  7 river rats
  A shadow imp (D:5)
  4 white imps
  4 ufetubi
  An ooze (D:5)
  2 adder skeletons
  An adder zombie (D:5)
  2 worms
  3 dart slugs (D:1)
  7 leopard geckos
  23 orcs
  9 bats
  6 giant cockroaches
  28 goblins
  22 hobgoblins
  12 jackals
  3 quokkas
  6 ball pythons
  10 frilled lizards
  A giant cockroach zombie (D:5)
  21 kobolds
  A quokka skeleton (D:5)
  22 rats
318 creatures vanquished.

Notes
Turn   | Place    | Note
-------+----------+-------------------------------------------
     0 | D:1      | jiml777 the Gnoll Warper began the quest for the Orb.
     0 | D:1      | Reached XP level 1. HP: 20/20 MP: 6/6
   257 | D:1      | Reached XP level 2. HP: 23/26 MP: 7/7
   753 | D:1      | Reached XP level 3. HP: 31/31 MP: 9/9
  1065 | D:2      | Reached skill level 5 in Spellcasting
  1181 | D:2      | Reached skill level 1 in Invocations
  1671 | D:2      | Reached skill level 1 in Short Blades
  1671 | D:2      | Reached skill level 1 in Long Blades
  1671 | D:2      | Reached skill level 1 in Axes
  1671 | D:2      | Reached skill level 1 in Maces & Flails
  1671 | D:2      | Reached skill level 1 in Staves
  1671 | D:2      | Reached skill level 1 in Slings
  1671 | D:2      | Reached skill level 1 in Bows
  1671 | D:2      | Reached skill level 1 in Crossbows
  1671 | D:2      | Reached skill level 1 in Stealth
  1671 | D:2      | Reached skill level 1 in Shields
  1671 | D:2      | Reached skill level 1 in Unarmed Combat
  1671 | D:2      | Reached skill level 1 in Evocations
  1684 | D:2      | Reached XP level 4. HP: 21/38 MP: 11/11
  1893 | D:2      | Found a broken altar of Ashenzari.
  1945 | D:2      | Learned a level 2 spell: Blink
  2293 | D:3      | Noticed Robin
  2336 | D:3      | Killed Robin
  2336 | D:3      | Reached skill level 1 in Conjurations
  2336 | D:3      | Reached skill level 1 in Hexes
  2336 | D:3      | Reached skill level 1 in Summonings
  2336 | D:3      | Reached skill level 1 in Necromancy
  2336 | D:3      | Reached skill level 1 in Transmutations
  2336 | D:3      | Reached skill level 1 in Fire Magic
  2336 | D:3      | Reached skill level 1 in Ice Magic
  2336 | D:3      | Reached skill level 1 in Air Magic
  2336 | D:3      | Reached skill level 1 in Earth Magic
  2336 | D:3      | Reached skill level 1 in Poison Magic
  2688 | D:3      | Reached XP level 5. HP: 38/43 MP: 12/12
  3813 | D:4      | Reached XP level 6. HP: 44/50 MP: 13/13
  4122 | D:4      | Found a glowing drain.
  4127 | Sewer    | Entered a sewer
  4364 | Sewer    | Reached skill level 5 in Fighting
  4364 | Sewer    | Reached skill level 5 in Polearms
  4364 | Sewer    | Reached skill level 5 in Dodging
  5547 | D:4      | Reached XP level 7. HP: 56/56 MP: 15/15
  6246 | D:4      | Found Cihat's General Store.
  6320 | D:4      | Found a bloodstained altar of Trog.
  6570 | D:5      | Entered Level 5 of the Dungeon
  7018 | D:5      | Reached XP level 8. HP: 24/63 MP: 16/16
  7486 | D:5      | Reached skill level 6 in Spellcasting
  7535 | D:5      | Found a staircase to the Ecumenical Temple.
  7540 | Temple   | Entered the Ecumenical Temple
  7549 | Temple   | Became a worshipper of Gozag Ym Sagoz the Greedy
  7639 | D:5      | Found a hazy altar of Hepliaklqana.
  7640 | D:5      | Found a burning altar of Makhleb.
  7640 | D:5      | Found a glowing golden altar of the Shining One.
  7814 | D:5      | Found a hide-covered altar of Uskayaw.
  7952 | D:6      | Noticed Edmund
  7953 | D:6      | Noticed Pikel
  8032 | D:5      | Killed Edmund
  8156 | D:6      | Noticed Eustachio
  8284 | D:5      | Killed Pikel
  8284 | D:5      | Reached XP level 9. HP: 41/69 MP: 11/18
  8358 | D:6      | Killed Eustachio
  8379 | D:6      | Found Qioton Dana's Distillery.
  8460 | D:6      | Bought a potion of berserk rage for 50 gold pieces
  8460 | D:6      | Bought a potion of invisibility for 80 gold pieces
  8460 | D:6      | Bought a potion of heal wounds for 50 gold pieces
  8460 | D:6      | Bought a potion of heal wounds for 50 gold pieces
  8562 | D:6      | Reached skill level 5 in Throwing
  8562 | D:6      | Reached skill level 5 in Armour
  8725 | D:6      | Learned a level 3 spell: Teleport Other
  9084 | D:7      | Reached skill level 5 in Invocations
  9155 | D:7      | You fall into a shaft and drop 3 floors!
  9155 | D:10     | Entered Level 10 of the Dungeon
  9161 | D:9      | Found an ornate altar of the Wu Jian Council.
  9582 | D:7      | Found a flagged portal.
  9603 | Bailey   | Entered a bailey
  9663 | Bailey   | Reached skill level 7 in Spellcasting
  9762 | Bailey   | Reached XP level 10. HP: 77/77 MP: 20/20
  9859 | Bailey   | Noticed an orc knight
  9996 | Bailey   | Killed an orc knight
  9996 | Bailey   | Reached skill level 5 in Short Blades
  9996 | Bailey   | Reached skill level 5 in Long Blades
  9996 | Bailey   | Reached skill level 5 in Axes
  9996 | Bailey   | Reached skill level 5 in Maces & Flails
  9996 | Bailey   | Reached skill level 5 in Staves
  9996 | Bailey   | Reached skill level 5 in Slings
  9996 | Bailey   | Reached skill level 5 in Bows
  9996 | Bailey   | Reached skill level 5 in Crossbows
  9996 | Bailey   | Reached skill level 5 in Stealth
  9996 | Bailey   | Reached skill level 5 in Shields
  9996 | Bailey   | Reached skill level 5 in Unarmed Combat
  9996 | Bailey   | Reached skill level 5 in Evocations
 10310 | Bailey   | Noticed an orc warlord
 10310 | Bailey   | Noticed an orc knight
 10467 | Bailey   | Killed an orc knight
 11498 | D:7      | Reached skill level 8 in Spellcasting
 11498 | D:7      | Reached skill level 5 in Conjurations
 11498 | D:7      | Reached skill level 5 in Hexes
 11498 | D:7      | Reached skill level 5 in Summonings
 11498 | D:7      | Reached skill level 5 in Necromancy
 11498 | D:7      | Reached skill level 5 in Transmutations
 11498 | D:7      | Reached skill level 5 in Fire Magic
 11498 | D:7      | Reached skill level 5 in Ice Magic
 11498 | D:7      | Reached skill level 5 in Air Magic
 11498 | D:7      | Reached skill level 5 in Earth Magic
 11498 | D:7      | Reached skill level 5 in Poison Magic
 11498 | D:7      | Reached XP level 11. HP: 86/86 MP: 21/23
 11499 | D:7      | Reached XP level 12. HP: 94/94 MP: 21/24
 12094 | D:8      | Noticed a two-headed ogre
 12113 | D:8      | Killed a two-headed ogre
 12113 | D:8      | Reached skill level 9 in Spellcasting
 12160 | D:8      | Found a runed translucent door.
 12162 | D:8      | Noticed a catoblepas
 12643 | D:8      | Noticed a frost giant
 12662 | D:8      | Killed from afar by a frost giant

Illustrated notes

Levels and vault maps discovered:
D:1:      lightli_iron_boxes, layout_basic, minivault_24
D:2:      layout_basic, overflow_temple_1_default
D:3:      layout_loops_corners, saegor_snake_ambush, uniq_robin
D:4:      layout_cave_pods, marbit_many_paths, lightli_sewer_entry_pipes,
          serial_shops, nicolae_shop_crystal
D:5:      cheibrodos_barr_body, layout_basic, kennysheep_little_box,
          chequers_temple_overflow_statue_of_worship, temple_doors_ab,
          hex_intersection, corner_web_ring
D:6:      layout_cave_pools, serial_shops, shop, chequers_serial_rivers_small_3,
          uniq_pikel, uniq_eustachio, uniq_edmund
D:7:      layout_basic, enter_bailey_2
D:8:      layout_basic, wad_hexagon
D:9:      layout_basic, basic_altar
D:10:     layout_rooms, david_lair_generic, special_room [special_room_orc],
          ebering_ghost_xom
Temple:   nicolae_temple_elliptical

Skill      XL: |  1  2  3  4  5  6  7  8  9 10 11 12 |
---------------+-------------------------------------+-----
Spellcasting   | 5 6 7 8 9 |  9.0
Invocations    | 1 2 3 4 5 7 8 |  8.1
Short Blades   | 1 2 3 4 6 7 |  7.3
Long Blades    | 1 2 3 4 6 7 |  7.3
Axes           | 1 2 3 4 6 7 |  7.3
Maces & Flails | 1 2 3 4 6 7 |  7.3
Staves         | 1 2 3 4 6 7 |  7.3
Slings         | 1 2 3 4 6 7 |  7.3
Bows           | 1 2 3 4 6 7 |  7.3
Crossbows      | 1 2 3 4 6 7 |  7.3
Stealth        | 1 2 3 4 6 7 |  7.3
Shields        | 1 2 3 4 6 7 |  7.3
Unarmed Combat | 1 2 3 4 6 7 |  7.3
Evocations     | 1 2 3 4 6 7 |  7.3
Conjurations   | 1 2 3 5 6 |  6.1
Hexes          | 1 2 3 5 6 |  6.1
Summonings     | 1 2 3 5 6 |  6.1
Necromancy     | 1 2 3 5 6 |  6.1
Transmutations | 1 2 3 5 6 |  6.1
Fire Magic     | 1 2 3 5 6 |  6.1
Ice Magic      | 1 2 3 5 6 |  6.1
Air Magic      | 1 2 3 5 6 |  6.1
Earth Magic    | 1 2 3 5 6 |  6.1
Poison Magic   | 1 2 3 5 6 |  6.1
Throwing       | 3 4 5 7 |  7.8
Armour         | 3 4 5 7 |  7.8
Fighting       | 5 6 8 |  8.7
Polearms       | 5 6 8 |  8.7
Dodging        | 5 6 8 |  8.7
Translocations | 6 7 8 |  8.3

Action                   |  1- 3 |  4- 6 |  7- 9 | 10-12 || total
-------------------------+-------+-------+-------+-------++-------
Melee: Spear             |   123 |   561 |   483 |       ||  1167
       Bite              |     8 |    52 |    82 |    36 ||   178
       Whip              |       |       |   242 |   410 ||   652
Throw: Dart              |       |       |    28 |    39 ||    67
 Cast: Blink             |       |       |     8 |    26 ||    34
  Use: Scroll            |       |     6 |    10 |     3 ||    19
       Potion            |       |       |       |     3 ||     3
 Stab: Sleeping          |       |     1 |     2 |     2 ||     5
       Distracted        |       |       |     2 |     2 ||     4
Armor: Leather armour    |     5 |       |       |       ||     5
       Scale mail        |    20 |       |       |       ||    20
       Ring mail         |     5 |   197 |   130 |    49 ||   381
Dodge: Dodged            |    42 |   284 |   351 |   237 ||   914
Block: Tower shield      |    48 |   437 |    35 |       ||   520
       Kite shield       |       |       |   213 |       ||   213
       Buckler           |       |       |    53 |    75 ||   128

Table legend: (Time is in decaauts)
 A = Elapsed time spent in this place.
 B = Non-inter-level travel time spent in this place.
 C = Inter-level travel time spent in this place.
 D = Time resting spent in this place.
 E = Time spent auto-exploring this place.
 F = Levels seen in this place.
 G = Mean time per level.
                   A        B        C        D        E       F      G
               +--------+--------+--------+--------+--------+-----+--------+
         Total |  12592 |  12244 |    348 |   1719 |   5290 |  13 |  968.6 |
       Dungeon |   9848 |   9510 |    338 |    878 |   5000 |  10 |  984.8 |
        Temple |     45 |     36 |      9 |      0 |      1 |   1 |   45.0 |
         Sewer |   1381 |   1381 |      0 |    578 |    289 |   1 | 1381.0 |
        Bailey |   1317 |   1317 |      0 |    263 |      0 |   1 | 1317.0 |
               +--------+--------+--------+--------+--------+-----+--------+

Top non-repeatable levels by time:
     D:4: 1705 daAuts
     D:5: 1661 daAuts
     D:3: 1449 daAuts
   Sewer: 1381 daAuts
  Bailey: 1317 daAuts
     D:7: 1094 daAuts
     D:8: 1093 daAuts
     D:2: 1065 daAuts
     D:1: 1051 daAuts
     D:6: 633 daAuts
     D:9: 88 daAuts
  Temple: 45 daAuts
    D:10: 5 daAuts
